 Dungeon Crawl Stone Soup version 0.31-a0-234-gad7ace16ef (webtiles) character file.

Game seed: 4978042071696786005

96 qw the Shooter (level 4, -2/26 HPs)
             Began as a Gargoyle Hexslinger on July 9, 2023.
             Killed by nerve-wracking pain
             ... invoked by an orc priest
              (5 damage)
             ... on level 3 of the Dungeon.
             The game lasted 00:00:58 (1991 turns).

qw the Shooter (Gargoyle Hexslinger)                Turns: 1991, Time: 00:00:58

Health: -2/26      AC:  7    Str: 11    XL:     4   Next: 67%
Magic:  5/5        EV: 12    Int: 14    God:
Gold:   17         SH:  0    Dex: 14    Spells: 4/5 levels left

rFire   . . .        Y - +1 sling
rCold   . . .        (no shield)
rNeg    + . .        c - +0 robe
rPois   inf          (no helmet)
rElec   +            e - +1 cloak
rCorr   .            (no gloves)
SInv    .            (no boots)
Will    .....        (no amulet)
Stlth   +            (no ring)
HPRegen 0.24/turn    (no ring)
MPRegen 0.09/turn

%: no passive effects
@: no status effects
A: sickness immunity, AC +3, negative energy resistance 1, electricity
resistance, torment resistance 1, petrification resistance
a: no special abilities


You were on level 3 of the Dungeon.
You visited 1 branch of the dungeon, and saw 3 of its levels.

You collected 112 gold pieces.
You spent 95 gold pieces at shops.


Innate Abilities, Weirdness & Mutations

You are immune to sickness and miasma.
Your stone body is resilient. (AC +3)
You are immune to poison.
You resist negative energy. (rN+)
You are resistant to electric shocks. (rElec)
You are resistant to unholy torment.
You are immune to petrification.


   Skills:
 - Level 2.0 Fighting
 + Level 4.4 Ranged Weapons
 - Level 1.5 Dodging
 - Level 1.0 Spellcasting
 - Level 2.6 Hexes


You had 4 spell levels left.
You knew the following spells:

 Your Spells              Type           Power      Damage    Failure   Level
a - Slow                  Hex            32%        N/A       9%          1

Your spell library contained the following spells:

 Spells                   Type           Power      Damage    Failure   Level
 Inner Flame              Hex/Fire       4%         N/A       41%         3
 Portal Projectile        Hex/Tloc       8%         N/A       41%         3
 Cause Fear               Hex            4%         N/A       65%         4

Inventory:

Hand Weapons
 Y - a +1 sling (weapon)
Armour
 c - a +0 robe (worn)
 e - a +1 cloak (worn)
Jewellery
 b - a ring of wizardry
Scrolls
 a - a scroll of identify
Potions
 f - a potion of curing

Dungeon Overview and Level Annotations

Branches:
Dungeon (3/15)

Altars:
Uskayaw

Shops:
D:2 *[((?


Message History

The orc priest is almost dead.
The orc priest hits you with a +0 hand axe.
The orc priest hits you but does no damage.
You shoot a sling bullet.
The sling bullet hits the orc priest but does no damage.
The orc priest is almost dead.
The orc priest misses you.
You shoot a sling bullet. The sling bullet hits the orc priest.
You kill the orc priest!
An orc comes into view. It is wielding a +0 flail.
The orc hits you but does no damage. The orc priest closely misses you.
The orc barely misses you.
The orc priest hits you with a +0 hand axe.
You shoot a sling bullet. The orc shouts!
The sling bullet hits the orc priest but does no damage.
You shoot a sling bullet.
The sling bullet hits the orc priest but does no damage.
The orc priest misses you.
You shoot a sling bullet.
The sling bullet hits the orc priest but does no damage.
The orc priest closely misses you. The orc closely misses you.
You shoot a sling bullet.
The sling bullet hits the orc priest but does no damage.
The orc hits you but does no damage.
You shoot a sling bullet.
The sling bullet hits the orc priest but does no damage.
The orc hits you with a +0 mace. The orc priest closely misses you.
You shoot a sling bullet.
The sling bullet barely misses the orc priest.
The orc hits you but does no damage. The orc barely misses you.
The orc priest hits you with a +0 hand axe.
The orc closely misses you. The orc completely misses you.
The orc priest misses you.
You shoot a sling bullet. The sling bullet hits the orc priest.
The orc priest is lightly wounded.
The orc misses you.
The orc priest calls down the wrath of Beogh upon you.
Pain shoots through your body!
You die...

... #.[ ..## .... ...
...# .... .. #..#####
....##### ..#...>...
........# .#.....
........# ...(
........## #####o###
#+#)....# #...o@o.#
#.#...#.###.#..#..#
#.....#.....#..#.....
.##.(..#######..#.....#
%......# #(..(###.#
###....# ##.#.# #
###....# #.#.# .......#
#.#.# ###%####


You could see an orc priest and 2 orcs.

Vanquished Creatures
  An orc priest (D:3)
  An adder (D:2)
  A worm (D:2)
  A dart slug (D:1)
  An orc (D:3)
  4 ball pythons
  4 bats
  5 endoplasms
  4 giant cockroaches
  2 goblins
  6 hobgoblins
  2 jackals (D:1)
  2 quokkas
  5 frilled lizards
  7 kobolds
  2 rats (D:1)
48 creatures vanquished.

Notes
Turn   | Place    | Note
-------+----------+-------------------------------------------
     0 | D:1      | qw the Gargoyle Hexslinger began the quest for the Orb.
     0 | D:1      | Reached XP level 1. HP: 12/12 MP: 2/2
     0 | D:1      | 0 ||| qw: Version: 0.3-a-51-g015441d
     0 | D:1      | 0 ||| qw: Game counter: 4344
     0 | D:1      | 0 ||| qw: Melee chars always use a shield: true
     0 | D:1      | 0 ||| qw: God list: Okawaru
     0 | D:1      | 0 ||| qw: Allow faded altars: false
     0 | D:1      | 0 ||| qw: Do Orc after clearing Dungeon:15 true
     0 | D:1      | 0 ||| qw: Do second Lair branch before Depths: true
     0 | D:1      | 0 ||| qw: Lair rune preference: random
     0 | D:1      | 0 ||| qw: Goals: Normal
     0 | D:1      | 0 ||| PLANNING D:1-11
   109 | D:1      | Reached XP level 2. HP: 16/16 MP: 3/3
   292 | D:1      | Reached skill level 3 in Ranged Weapons
   529 | D:1      | Reached XP level 3. HP: 16/21 MP: 4/4
   620 | D:1      | Found a faded altar of an unknown god.
   852 | D:1      | 852 ||| UPGRADING to +0 cloak.
   857 | D:1      | 857 ||| READING 2 scrolls labelled POUHATSE ISEO.
   858 | D:1      | 858 ||| DROPPING scroll of poison.
  1104 | D:2      | Found Unlol's Antique Weapon Shop.
  1173 | D:2      | Found a hide-covered altar of Uskayaw.
  1238 | D:2      | Found Ninka's Weapon Shoppe.
  1459 | D:2      | Found Cuatijug's Magic Scroll Boutique.
  1462 | D:2      | 1462 ||| BUYING scroll of enchant armour (75 gold).
  1462 | D:2      | Bought a scroll of enchant armour for 75 gold pieces
  1462 | D:2      | 1462 ||| SHOPLISTING scroll of enchant weapon (75 gold,
                  | have 24).
  1462 | D:2      | 1462 ||| BUYING scroll of identify (20 gold).
  1462 | D:2      | Bought a scroll of identify for 20 gold pieces
  1462 | D:2      | 1462 ||| SHOPLISTING scroll of teleportation (30 gold, have
                  | 4).
  1462 | D:2      | 1462 ||| READING scroll of enchant armour.
  1462 | D:2      | 1462 ||| ENCHANTING +0 cloak.
  1478 | D:2      | Reached XP level 4. HP: 15/26 MP: 5/5
  1576 | D:2      | Found Savveyso's Armour Emporium.
  1585 | D:2      | 1585 ||| SHOPLISTING +0 leather armour (22 gold, have 17).
  1585 | D:2      | 1585 ||| SHOPLISTING +0 pair of gloves (49 gold, have 17).
  1585 | D:2      | 1585 ||| SHOPLISTING +0 ring mail (44 gold, have 17).
  1611 | D:2      | Found Cucuyl's General Store.
  1619 | D:2      | 1619 ||| SHOPLISTING +0 leather armour (28 gold, have 17).
  1619 | D:2      | 1619 ||| SHOPLISTING +2 cloak of poison resistance (259
                  | gold, have 17).
  1619 | D:2      | 1619 ||| SHOPLISTING +2 sling of freezing (205 gold, have
                  | 17).
  1871 | D:2      | 1871 ||| DRINKING 2 golden potions.
  1872 | D:2      | 1872 ||| READING 3 scrolls of identify.
  1872 | D:2      | 1872 ||| IDENTIFYING glowing white potion
  1873 | D:2      | 1873 ||| READING 2 scrolls of identify.
  1873 | D:2      | 1873 ||| IDENTIFYING red potion
  1874 | D:2      | 1874 ||| DROPPING potion of invisibility.
  1875 | D:2      | 1875 ||| DROPPING potion of attraction.
  1945 | D:3      | Reached skill level 4 in Ranged Weapons
  1984 | D:3      | HP: 5/26 [orc priest/+0 hand axe (3)]
  1989 | D:3      | HP: 4/26 [orc/+0 mace (3)]
  1991 | D:3      | Killed from afar by an orc priest

Levels and vault maps discovered:
D:1:      minmay_arrival_up_and_down, layout_loops_corners,
          basic_ecumenical_altar
D:2:      layout_basic, basic_altar, serial_shops, shop,
          nicolae_shop_getting_attention, nicolae_shop_rolling_square, shop,
          nicolae_shop_real_fake_doors, kennysheep_generic_room_8
D:3:      layout_basic

Skill      XL: |  1  2  3  4 |
---------------+-------------+-----
Ranged Weapons | 3 4 |  4.4
Fighting       | 2 |  2.0
Dodging        | |  1.5
Spellcasting   | |  1.0
Hexes          | |  2.6

Action                     |  1- 3 |  4- 6 || total
---------------------------+-------+-------++-------
   Fire: Sling             |   136 |    36 ||   172
    Use: Scroll            |     2 |     2 ||     4
         Potion            |       |     1 ||     1
 Armour: Robe              |    16 |     9 ||    25
  Dodge: Dodged            |    50 |    15 ||    65

Table legend:
 A = Non-vault XP
 B = Vault XP
 C = Vault XP percentage of total XP
 D = Non-vault monster count
 E = Vault monster count
 F = Vault count percentage of total count
                 A         B        C        D         E       F
            +---------+---------+-------+---------+---------+-------
      Total |     134 |       4 |   2.9 |      46 |       2 |   4.2
            +---------+---------+-------+---------+---------+-------
        D:1 |      48 |       0 |   0.0 |      28 |       0 |   0.0
        D:2 |      39 |       4 |   9.3 |      13 |       2 |  13.3
        D:3 |      47 |       0 |   0.0 |       5 |       0 |   0.0
            +---------+---------+-------+---------+---------+-------
